 Dungeon Crawl Stone Soup version 0.20.1-1-g8b1a95d (webtiles) character file.

235 polve the Slasher (level 5, -7/41 HPs)
             Began as a Demonspawn Abyssal Knight on July 26, 2017.
             Was a Believer of Lugonu.
             Blown up by Pikel (20 damage)
             ... with a wand of disintegration (?/24)
             ... on level 4 of the Dungeon.
             The game lasted 00:05:17 (3290 turns).

polve the Slasher (Demonspawn Abyssal Knight)       Turns: 3290, Time: 00:05:18

Health: -7/41      AC:  5    Str: 12    XL:     5   Next: 76%
Magic:  6/6        EV: 11    Int: 13    God:    Lugonu [**....]
Gold:   135        SH:  0    Dex: 14    Spells: 4/4 levels left

rFire    . . .     SeeInvis .   a - +1 falchion
rCold    . . .     Gourm    .   (no shield)
rNeg     . . .     Faith    .   b - +1 leather armour
rPois    .         Spirit   .   (helmet restricted)
rElec    .         Reflect  .   (no cloak)
rCorr    .         Harm     .   h - +0 pair of gloves
MR       .....     Rnd*Tele +   (no boots)
Stlth    ..........             (no amulet)
Regen    0.2/turn               p - ring of loudness (curse)
MPRegen  0.1/turn               i - ring of teleportation (curse)

@: hasted, very quick
A: horns 1, powered by death 2
a: Depart the Abyss, Bend Space, Renounce Religion


You were on level 4 of the Dungeon.
You worshipped Lugonu.
Lugonu was pleased with you.
You were not hungry.

You visited 1 branch of the dungeon, and saw 4 of its levels.
You visited the Abyss 1 time.

You collected 135 gold pieces.

Inventory:

Hand Weapons
 a - a +1 falchion (weapon)
Armour
 b - a +1 leather armour (worn)
 h - a +0 pair of gloves (worn)
Jewellery
 e - an uncursed ring of wizardry
 f - an uncursed ring of see invisible
 i - a cursed ring of teleportation (right hand)
 p - a cursed ring of loudness (left hand)
Wands
 n - a wand of random effects (15/48)
Scrolls
 d - a scroll of teleportation
 k - a scroll of fog
 o - 2 scrolls of identify
 q - a scroll of amnesia
 r - a scroll of enchant armour
Books
 g - a book of Cantrips

   Spells                             Type                      Level
   a - Confusing Touch                Hexes                        1
   b - Animate Skeleton               Necromancy                   1
   c - Summon Small Mammal            Summoning                    1
   d - Apportation                    Translocation                1
Comestibles
 c - 3 bread rations
 l - 2 chunks of flesh
 m - a royal jelly


   Skills:
 - Level 3.0 Fighting
 + Level 5.5 Long Blades
 - Level 1.7 Armour
 - Level 0.8 Dodging
 - Level 2.4 Invocations


You had 4 spell levels left.
You didn't know any spells.

Dungeon Overview and Level Annotations

Branches:
Dungeon (4/15)
 Temple: D:4-7

Altars:
Gozag
Nemelex Xobeh
Qazlal
Uskayaw
The Shining One

Annotations:
D:4 Pikel


Innate Abilities, Weirdness & Mutations

You have a pair of small horns on your head.
You regenerate health from kills.


Message History

You hit Pikel but do no damage. You headbutt Pikel, but do no damage.
Pikel is moderately wounded.
Pikel barely misses you.
You closely miss Pikel.
Pikel is moderately wounded.
You hit Pikel but do no damage.
Pikel is moderately wounded.
Pikel zaps a wand.
You are blasted!
* * * LOW HITPOINT WARNING * * *
It is a wand of disintegration (?/24).
You hit Pikel. You headbutt Pikel, but do no damage.
Pikel is heavily wounded.
Pikel zaps a wand.
You are blasted!
* * * LOW HITPOINT WARNING * * *
You slash Pikel!
Pikel is severely wounded.
You miss Pikel.
Pikel is severely wounded.
Pikel zaps a wand.
You are blasted!
You die...

#.#######.##....##
#................##
############......##
##.......###
#...........
##.......###
##.....##
########....##
#.@.........#
#K##.###.##.# #p##.#
#.# .# #p##.###.# .#
#p##.....# .#
#p##..#.....
#.##..#...#.
#######...........
#..p..............


You could see Pikel and 4 slaves.

Vanquished Creatures
  A hound (D:4)
  Jessica (D:3)
  3 gnolls (D:3)
  7 adders
  An ooze (D:1)
  A worm (D:2)
  2 leopard geckos
  An orc (D:3)
  2 ball pythons
  4 bats
  9 giant cockroaches
  4 goblins
  8 hobgoblins
  7 jackals (D:2)
  8 kobolds
  3 quokkas
  2 frilled lizards
  9 rats
73 creatures vanquished.

Vanquished Creatures (others)
  2 starspawn tentacles (Abyss:1)
2 creatures vanquished.

Grand Total: 75 creatures vanquished

Notes
Turn   | Place    | Note
-------+----------+-------------------------------------------
     0 | Abyss:1  | polve the Demonspawn Abyssal Knight began the quest for the Orb.
     0 | Abyss:1  | Reached XP level 1. HP: 18/18 MP: 2/2
    50 | Abyss:1  | Noticed a hungry ghost
    50 | Abyss:1  | Noticed a tentacled starspawn
    61 | Abyss:1  | Noticed a small abomination
    63 | D:1      | Escaped the Abyss
   157 | D:1      | Reached skill level 2 in Long Blades
   302 | D:1      | Gained mutation: You regenerate a little health from kills. [demonic ancestry]
   302 | D:1      | Reached XP level 2. HP: 24/24 MP: 3/3
   572 | D:1      | Reached * piety under Lugonu
  1308 | D:2      | Reached skill level 3 in Long Blades
  1308 | D:2      | Reached XP level 3. HP: 18/29 MP: 4/4
  1459 | D:2      | Found a glowing golden altar of the Shining One.
  2093 | D:2      | Reached skill level 4 in Long Blades
  2093 | D:2      | Gained mutation: You have a pair of small horns on your head. [demonic ancestry]
  2093 | D:2      | Reached XP level 4. HP: 35/35 MP: 5/5
  2180 | D:2      | Found an opulent altar of Gozag.
  2503 | D:2      | Reached ** piety under Lugonu
  2570 | D:3      | Noticed Jessica
  2574 | D:3      | Killed Jessica
  2576 | D:3      | Gained mutation: You regenerate health from kills. [demonic ancestry]
  2576 | D:3      | Reached XP level 5. HP: 41/41 MP: 6/6
  2630 | D:3      | Reached skill level 5 in Long Blades
  2747 | D:3      | Found a sparkling altar of Nemelex Xobeh.
  2995 | D:3      | Found a stormy altar of Qazlal.
  3006 | D:3      | Found a hide-covered altar of Uskayaw.
  3251 | D:4      | Noticed a slave
  3253 | D:4      | Noticed Pikel
  3253 | D:4      | Noticed a slave
  3276 | D:4      | Noticed a slave
  3278 | D:4      | Noticed a slave
  3290 | D:4      | Blown up by Pikel

Skill      XL: |  1  2  3  4  5 |
---------------+----------------+-----
Long Blades    | 2 3 4 5 |  5.5
Fighting       | |  3.0
Armour         | |  1.7
Dodging        | |  0.8
Invocations    | |  2.4

Action                   |  1- 3 |  4- 6 || total
-------------------------+-------+-------++-------
Melee: Falchion          |   110 |   109 ||   219
       Headbutt          |       |    24 ||    24
Invok: Depart the Abyss  |     1 |       ||     1
  Use: Scroll            |     3 |     2 ||     5
       Potion            |       |     1 ||     1
  Eat: Chunk             |     4 |     4 ||     8
Armor: Leather armour    |    43 |    36 ||    79
Dodge: Dodged            |    69 |    63 ||   132
       Rpst.: Falchion   |    24 |    18 ||    42
